 Dungeon Crawl Stone Soup version 0.28-a0-1087-gf3fc490d9d (webtiles) character file.

Game seed: 7366594559396561443

1308 ytrimaz the Insei (level 8, -8/54 HPs)
             Began as an Octopode Transmuter on Dec 10, 2021.
             Killed from afar by an acid dragon (24 damage)
             ... with a splash of acid
             ... on level 6 of the Dungeon.
             The game lasted 00:05:24 (5536 turns).

ytrimaz the Insei (Octopode Transmuter)             Turns: 5536, Time: 00:05:24

Health: -8/54      AC: -6    Str: 10    XL:     8   Next: 58%
Magic:  14/14      EV: 19    Int: 17    God:
Gold:   277        SH:  0    Dex: 17    Spells: 6/16 levels left

rFire   . . .      SeeInvis .     - Unarmed
rCold   + . .      Faith    .   (shield currently unavailable)
rNeg    . . .      Spirit   .   (helmet currently unavailable)
rPois   x          Reflect  .   (no amulet)
rElec   .          Harm     .   b - +4 ring of slaying
rCorr   .          Rampage  .   g - ring of protection from cold
Will    +....                   (no ring)
Stlth   ++........              (no ring)
HPRegen 0.18/turn               (no ring)
MPRegen 0.14/turn               (no ring)
                                (no ring)
                                (no ring)

@: spider-form (expiring), corroded, unable to read
A: venomous fangs, almost no armour, (amphibious), 8 rings, tiny, (camouflage
1), (gelatinous body 1), (nimble swimmer 1), (tentacles), (iridescent scales 1),
strong-willed 1, subdued magic 1, inability to read while threatened
a: End Transformation


You were on level 6 of the Dungeon.
You were a venomous arachnid creature.
You visited 1 branch of the dungeon, and saw 6 of its levels.

You collected 277 gold pieces.

Inventory:

Jewellery
 a - a ring of ice
 b - a +4 ring of slaying (left front leg)
 g - a ring of protection from cold (right front leg)
Wands
 c - a wand of iceblast (10)
 k - a wand of mindburst (13)
Scrolls
 d - 2 scrolls of enchant weapon
 e - a scroll of summoning
 h - a scroll of noise
 l - a scroll of teleportation
 m - a scroll of identify
 n - a scroll of blinking
Potions
 f - a potion of brilliance
 j - a potion of curing


   Skills:
 * Level 3.9 Fighting
 - Level 2.0 Dodging
 + Level 6.5 Unarmed Combat
 * Level 4.5 Spellcasting
 * Level 4.7 Transmutations
 * Level 3.9 Poison Magic


You had 6 spell levels left.
You knew the following spells:

 Your Spells              Type           Power      Damage    Failure   Level
a - Beastly Appendage     Tmut           30%        N/A       7%          1
b - Spider Form           Tmut/Pois      14%        N/A       17%         3
c - Wereblood             Tmut           15%        N/A       9%          2
d - Ice Form              Ice/Tmut       9%         N/A       67%         4

Your spell library contained the following spells:

 Spells                   Type           Power      Damage    Failure   Level
 Magic Dart               Conj           8%         1d3       30%         1
 Call Imp                 Summ           2%         N/A       38%         2
 Ensorcelled Hibernation  Hex/Ice        4%         N/A       38%         2
 Mephitic Cloud           Conj/Pois/Air  6%         N/A       43%         3
 Dazzling Flash           Conj/Hex       4%         N/A       58%         3
 Iskenderun's Mystic Bla  Conj/Tloc      2%         2d3       92%         4
 Starburst                Conj/Fire      1%         6d3       100%        6


Dungeon Overview and Level Annotations

Branches:
Dungeon (6/15)
 Temple: D:4-7

Altars:
Cheibriados
Vehumet

Annotations:
D:4 3 runed translucent doors, EPluribusUnum's ghost, amateur DDFi


Innate Abilities, Weirdness & Mutations

You are a venomous arachnid creature.
You have poisonous fangs.
You are tiny and dextrous.
Your spellcasting is less reliable in this form.
Your armour is entirely melded.
You are incapable of wielding weapons or throwing items.
You cannot wear most types of armour.
((You are amphibious.))
You can wear up to eight rings at the same time.
((Your skin changes colour to match your surroundings (Stealth+).))
((Your rubbery body absorbs attacks. (AC +1, EV +1)))
((You are camouflaged near water. (Stealth+)))
((You have tentacles for arms and can constrict up to eight enemies at once.))
((You are partially covered in iridescent scales. (AC +2)))
You are strong-willed. (Will+)
Your spells are a little easier to cast, but a little less powerful.
You sometimes lose the ability to read scrolls when taking damage.


Message History

You bite the white imp!
You kill the white imp!
No target in view!
No target in view!
There is a stone staircase leading up here.
i - a potion of heal wounds
n - a scroll of blinking You now have 277 gold pieces (gained 16).
Your transformation is almost over.
The acid dragon spits acid at you. The splash of acid hits you!!
Ouch! That really hurt!
* * * LOW HITPOINT WARNING * * *
The acid corrodes you!
You barely miss the acid dragon.
Unknown command.
You barely miss the acid dragon. The acid dragon spits acid at you.
The splash of acid hits you!
You feel threatened and lose the ability to read scrolls!
* * * LOW HITPOINT WARNING * * *
The acid corrodes you!
Unknown command.
You feel much better. The acid dragon closely misses you. x2
Unknown command.
You barely miss the acid dragon. The acid dragon barely misses you.
The acid dragon closely misses you.
Unknown command.
You hit the acid dragon.
The acid dragon is poisoned.
The acid dragon is lightly wounded.
You can read scrolls again.
The acid dragon misses you. The acid dragon claws you.
You feel threatened and lose the ability to read scrolls!
* * * LOW HITPOINT WARNING * * *
Unknown command.
You hit the acid dragon but do no damage.
The acid dragon is lightly wounded.
The acid dragon spits acid at you. The splash of acid hits you!!
You die...

..........#..>...
##............$...#.#
#######.#..!........
#.##..?.......
#.##..........
#..#........ .
#####.##...5.#
#..###.........D.####.
..............s.......
###...<.....#.#....
..#####.....## # .
#...........#
.######.......#
.........##
####.....## #.....#
#.....#


You could see an acid dragon (very poisoned, catching breath) and an ufetubus.

Vanquished Creatures
  Eustachio (D:6)
  A sky beast (D:5)
  A necrophage (D:6)
  3 ogres
  A centaur (D:5)
  A phantom (D:3)
  A scorpion (D:3)
  4 wights (D:4)
  A howler monkey (D:5)
  4 orc priests (D:5)
  An iguana (D:3)
  2 orc wizards (D:5)
  4 adders
  A white imp (D:6)
  An adder zombie (D:5)
  An adder skeleton (D:4)
  A worm (D:4)
  A dart slug (D:3)
  4 orcs
  7 bats
  7 endoplasms
  5 giant cockroaches
  4 goblins
  5 hobgoblins
  5 jackals
  3 quokkas
  5 ball pythons
  3 frilled lizards
  5 kobolds
  4 rats
87 creatures vanquished.

Notes
Turn   | Place    | Note
-------+----------+-------------------------------------------
     0 | D:1      | ytrimaz the Octopode Transmuter began the quest for the
                  | Orb.
     0 | D:1      | Reached XP level 1. HP: 13/13 MP: 3/3
    86 | D:1      | Found a faded altar of an unknown god.
   338 | D:1      | Reached XP level 2. HP: 18/18 MP: 3/5
   760 | D:1      | Gained mutation: You have a pair of small antennae on your
                  | head. [potion of mutation]
   760 | D:1      | Gained mutation: You are dopey. (Int -2) [potion of
                  | mutation]
  1131 | D:2      | Reached XP level 3. HP: 1/23 MP: 6/6
  1734 | D:2      | Learned a level 3 spell: Spider Form
  1737 | D:2      | Learned a level 2 spell: Wereblood
  1926 | D:3      | Noticed a scorpion
  1934 | D:3      | Killed a scorpion
  1935 | D:3      | Reached skill level 4 in Unarmed Combat
  1935 | D:3      | Reached XP level 4. HP: 26/29 MP: 5/7
  1935 | D:3      | Reached XP level 5. HP: 31/34 MP: 5/8
  2044 | D:3      | Reached skill level 1 in Poison Magic
  2318 | D:3      | Noticed an ogre
  2322 | D:3      | Killed an ogre
  2361 | D:3      | Noticed a phantom
  2759 | D:3      | Killed a phantom
  2760 | D:3      | Reached XP level 6. HP: 30/41 MP: 7/10
  2888 | D:3      | Reached skill level 5 in Unarmed Combat
  3180 | D:4      | Lost mutation: You have a pair of small antennae on your
                  | head. [potion of mutation]
  3180 | D:4      | Lost mutation: You are dopey. (Int -2) [potion of mutation]
  3180 | D:4      | Gained mutation: You are frail. (-10% HP) [potion of
                  | mutation]
  3180 | D:4      | Gained mutation: You have an increased reservoir of magic.
                  | (+10% MP) [potion of mutation]
  3180 | D:4      | Gained mutation: Your spells are a little harder to cast,
                  | but a little more powerful. [potion of mutation]
  3232 | D:4      | Found a runed translucent gate.
  3442 | D:4      | Reached XP level 7. HP: 26/41 MP: 12/12
  3594 | D:4      | Learned a level 4 spell: Ice Form
  3659 | D:4      | Lost mutation: You are frail. (-10% HP) [potion of
                  | mutation]
  3659 | D:4      | Lost mutation: Your spells are a little harder to cast, but
                  | a little more powerful. [potion of mutation]
  3659 | D:4      | Lost mutation: You have an increased reservoir of magic.
                  | (+10% MP) [potion of mutation]
  3659 | D:4      | Gained mutation: You are partially covered in iridescent
                  | scales. (AC +2) [potion of mutation]
  3659 | D:4      | Gained mutation: You have hidden genetic defects. [potion
                  | of mutation]
  3659 | D:4      | Gained mutation: You are strong-willed. (Will+) [potion of
                  | mutation]
  3688 | D:4      | Found a runed translucent gate.
  3688 | D:4      | Found a runed translucent gate.
  3710 | D:4      | Noticed EPluribusUnum's ghost (amateur DDFi)
  3802 | D:4      | Found a snail-covered altar of Cheibriados.
  3841 | D:4      | Gained mutation: You sometimes lose the ability to read
                  | scrolls when taking damage. [hidden defects]
  4126 | D:5      | Entered Level 5 of the Dungeon
  4254 | D:5      | Gained mutation: Your spells are a little easier to cast,
                  | but a little less powerful. [hidden defects]
  4254 | D:5      | Lost mutation: You have hidden genetic defects. [hidden
                  | defects expressed]
  4373 | D:5      | Found a radiant altar of Vehumet.
  4474 | D:5      | Reached XP level 8. HP: 28/52 MP: 8/13
  4476 | D:5      | Reached skill level 6 in Unarmed Combat
  5419 | D:6      | Noticed Eustachio
  5445 | D:6      | Killed Eustachio
  5532 | D:6      | HP: 1/54 [acid dragon/splash of acid (16)]
  5536 | D:6      | Killed from afar by an acid dragon

Illustrated notes

Levels and vault maps discovered:
D:1:      amcnicky_arrival_gap_in_the_tavern_cellar, layout_basic,
          nicolae_ecumenical_snake_handling
D:2:      layout_basic
D:3:      layout_basic, corexii_item_surrounded_by_moat
D:4:      layout_rooms, slow_altar_1, gammafunk_ghost_necromancy,
          chequers_avenue
D:5:      layout_cave_pools, mainiacjoe_overflow_24_doors,
          amcnicky_mini_rare_corridor_liquid
D:6:      layout_rooms, uniq_eustachio

Skill      XL: |  1  2  3  4  5  6  7  8 |
---------------+-------------------------+-----
Fighting       | 2 3 |  3.9
Unarmed Combat | 4 5 6 |  6.5
Poison Magic   | 1 2 3 |  3.9
Spellcasting   | 3 4 |  4.5
Transmutations | 3 4 |  4.7
Dodging        | |  2.0

Action                   |  1- 3 |  4- 6 |  7- 9 || total
-------------------------+-------+-------+-------++-------
Melee: Unarmed           |    97 |    54 |    86 ||   237
       Constrict         |    24 |     5 |     5 ||    34
       Tentacles         |    10 |     2 |     7 ||    19
       Kick              |     4 |       |       ||     4
       Punch             |     3 |       |       ||     3
 Cast: Beastly Appendage |     3 |     2 |       ||     5
       Spider Form       |     1 |     4 |     6 ||    11
       Wereblood         |     1 |     3 |     5 ||     9
  Use: Scroll            |     5 |     3 |     3 ||    11
       Potion            |     5 |     1 |     5 ||    11
 Stab: Sleeping          |     7 |     1 |     2 ||    10
Armor: Skin              |    16 |     1 |     3 ||    20
Dodge: Dodged            |    79 |    30 |    61 ||   170

Table legend: (Time is in decaauts)
 A = Elapsed time spent in this place.
 B = Non-inter-level travel time spent in this place.
 C = Inter-level travel time spent in this place.
 D = Time resting spent in this place.
 E = Time spent auto-exploring this place.
 F = Levels seen in this place.
 G = Mean time per level.
                   A        B        C        D        E       F      G
               +--------+--------+--------+--------+--------+-----+--------+
         Total |   5498 |   5344 |    154 |    607 |   3890 |   6 |  916.3 |
       Dungeon |   5498 |   5344 |    154 |    607 |   3890 |   6 |  916.3 |
               +--------+--------+--------+--------+--------+-----+--------+

Top non-repeatable levels by time:
     D:4: 1272 daAuts
     D:3: 1066 daAuts
     D:2: 1057 daAuts
     D:1: 1018 daAuts
     D:5: 969 daAuts
     D:6: 114 daAuts
